 Dungeon Crawl Stone Soup version 0.28-a0-664-gc179e30c89 (webtiles) character file.

Game seed: 414195397418254141

213104 vbjsbvbs the Earth Mage (level 19, 0/127 HPs)
             Began as a Gargoyle Earth Elementalist on Oct 16, 2021.
             Was the Champion of Vehumet.
             Slain by a six-headed hydra (12 damage)
             ... on level 4 of the Swamp.
             The game lasted 01:32:41 (37619 turns).

vbjsbvbs the Earth Mage (GrEE)                     Turns: 37619, Time: 01:32:42

Health: 0/127      AC: 34    Str: 13    XL:     19   Next: 34%
Magic:  1/36       EV: 14    Int: 36    God:    Vehumet [******]
Gold:   4066       SH:  0    Dex: 10    Spells: 2/45 levels left

rFire   + . .      SeeInvis +   S - +0 demon whip (protect)
rCold   + + .      Faith    .   (no shield)
rNeg    + . .      Spirit   .   G - +4 troll leather armour
rPois   ∞          Reflect  .   i - +1 helmet of the Valley of Death {rF+ Int+4}
rElec   +          Harm     .   R - +2 cloak
rCorr   .          Rampage  .   K - +3 pair of gloves "Poats" {Stlth+}
Will    +....                   U - +0 pair of boots "Curuch" {Regen+}
Stlth   +.........              J - amulet of magic regeneration
HPRegen 2.31/turn               x - ring "Opiqeace" {rElec rC++ Int+6}
MPRegen 0.50/turn               a - ring of Ekaeracw {Wiz Int+3}

@: flying, contaminated, glowing, studying Armour
A: sickness immunity, AC +14, big wings, negative energy resistance 1,
electricity resistance, torment resistance 1, petrification resistance, see
invisible, no potion heal 1
a: Renounce Religion


You were on level 4 of the Swamp.
You worshipped Vehumet.
Vehumet was exalted by your worship.
You visited 6 branches of the dungeon, and saw 31 of its levels.
You also visited: Sewer, Bailey, Gauntlet and Ice Cave.

You collected 5348 gold pieces.
You spent 1282 gold pieces at shops.

Inventory:

Hand Weapons
 o - a +7 whip of electrocution
 u - a +4 flail of flaming
 S - a +0 demon whip of protection (weapon)
Missiles
 c - 1068 stones
 D - 2 throwing nets
Armour
 i - the +1 helmet of the Valley of Death (worn) {rF+ Int+4}
   (You found it in a Gauntlet)

   Int:       It affects your intelligence (+4).
   rF:        It protects you from fire.
 G - a +4 troll leather armour (worn)
 K - the +3 pair of gloves "Poats" (worn) {Stlth+}
   (You acquired it on level 6 of the Lair of Beasts)

   Stlth:     It makes you more stealthy.
 R - a +2 cloak (worn)
 U - the +0 pair of boots "Curuch" (worn) {Regen+}
   (You acquired it on level 4 of the Lair of Beasts)

   Regen:     It increases your rate of health regeneration.
Jewellery
 a - the ring of Ekaeracw (right hand) {Wiz Int+3}
   (You found it on level 6 of the Lair of Beasts)

   [ring of wizardry]

   It improves your spell success rate.
   Int:       It affects your intelligence (+3).
 f - a +4 ring of slaying
 g - a ring of magical power
 x - the ring "Opiqeace" (left hand) {rElec rC++ Int+6}
   (You found it in a Gauntlet)

   [ring of intelligence]

   Int:       It affects your intelligence (+6).
   rC:        It greatly protects you from cold.
   rElec:     It insulates you from electricity.
 J - an amulet of magic regeneration (around neck)
Wands
 b - a wand of charming (7)
 s - a wand of mindburst (80)
 v - a wand of iceblast (21)
 w - a wand of polymorph (43)
 A - a wand of paralysis (8)
 M - a wand of digging (23)
 V - a wand of acid (30)
Scrolls
 e - 17 scrolls of identify
 h - 10 scrolls of teleportation
 l - 4 scrolls of amnesia
 r - 3 scrolls of enchant armour
 t - 2 scrolls of magic mapping
 z - a scroll of blinking
 H - a scroll of holy word
 N - a scroll of fear
 O - 2 scrolls of summoning
 W - 2 scrolls of fog
 Y - 2 scrolls of immolation
Potions
 d - 14 potions of curing
 j - 6 potions of might
 k - 2 potions of ambrosia
 m - 4 potions of attraction
 n - 6 potions of magic
 p - 3 potions of cancellation
 q - 3 potions of lignification
 B - 6 potions of heal wounds
 E - 4 potions of brilliance
 F - 5 potions of resistance
 L - a potion of berserk rage
 P - 3 potions of haste
 T - 2 potions of invisibility
Miscellaneous
 y - a tin of tremorstones (2/2)
 C - a phantom mirror
 I - a lightning rod (4/4)


   Skills:
 + Level 16.7 Fighting
 + Level 11.9 Maces & Flails
 - Level 6.0 Armour
 + Level 10.2 Dodging
 - Level 2.1 Stealth
 + Level 13.8 Spellcasting
 + Level 14.2 Conjurations
 - Level 0.7 Transmutations
 + Level 5.5 Fire Magic
 + Level 17.8 Earth Magic
 - Level 10.0 Evocations


You had 2 spell levels left.
You knew the following spells:

 Your Spells              Type           Power      Damage    Failure   Level
a - Shatter               Erth           50%        3d38*     13%         9
b - Stone Arrow           Conj/Erth      100%       3d13      0%          3
c - Lee's Rapid Deconstr  Erth           50%        3d25*     1%          5
d - Iron Shot             Conj/Erth      48%        9d9       1%          6
e - Irradiate             Conj/Tmut      34%        3d25      1%          5
f - Starburst             Conj/Fire      38%        6d11      1%          6
g - Lehudib's Crystal Sp  Conj/Erth      48%        10d11     2%          8
h - Sandblast             Erth           100%       2d20      0%          1

Your spell library contained the following spells:

 Spells                   Type           Power      Damage    Failure   Level
 Fire Storm               Conj/Fire      38%        8d10      92%         9
 Maxwell's Capacitive Co  Air            12%        ∞         100%        8
 Magic Dart               Conj           100%       1d8       0%          1
 Searing Ray              Conj           100%       2d8       0%          2
 Foxfire                  Conj/Fire      100%       2x1d9     1%          1
 Blink                    Tloc           N/A        N/A       1%          2
 Corpse Rot               Necr/Air       N/A        N/A       1%          2
 Passwall                 Tmut/Erth      62%        N/A       1%          2
 Poisonous Vapours        Pois/Air       48%        N/A       1%          2
 Static Discharge         Conj/Air       66%        N/A       1%          2
 Conjure Flame            Conj/Fire      77%        6-21      1%          3
 Dazzling Flash           Conj/Hex       100%       N/A       1%          3
 Inner Flame              Hex/Fire       45%        N/A       1%          3
 Mephitic Cloud           Conj/Pois/Air  56%        N/A       1%          3
 Flame Wave               Conj/Fire      77%        3d13      1%          4
 Fulminant Prism          Conj/Hex       33%        3d16      1%          4
 Hailstorm                Conj/Ice       66%        3d14      1%          4
 Iskenderun's Mystic Bla  Conj/Tloc      66%        2d14      1%          4
 Petrify                  Tmut/Erth      75%        N/A       1%          4
 Sticky Flame             Conj/Fire      77%        2d9       1%          4
 Lightning Bolt           Conj/Air       33%        1d50      1%          5
 Gell's Gravitas          Tloc           12%        N/A       2%          3
 Lesser Beckoning         Tloc           24%        N/A       2%          3
 Ozocubu's Armour         Ice            24%        N/A       2%          3
 Teleport Other           Tloc           24%        N/A       2%          3
 Tukima's Dance           Hex            24%        N/A       2%          3
 Airstrike                Air            12%        N/A       2%          4
 Yara's Violent Unravell  Hex/Tmut       13%        3d7       5%          5
 Ice Form                 Ice/Tmut       27%        N/A       7%          4
 Dispel Undead            Necr           24%        3d12      8%          4
 Passage of Golubria      Tloc           N/A        N/A       8%          4
 Summon Lightning Spire   Summ/Air       24%        N/A       8%          4
 Manifold Assault         Tloc           24%        N/A       21%         5
 Summon Forest            Summ/Tloc      12%        N/A       21%         5
 Death Channel            Necr           12%        N/A       71%         6
 Dispersal                Tloc           12%        N/A       71%         6
 Ozocubu's Refrigeration  Ice            12%        4d7       77%         7
 Polar Vortex             Ice            12%        N/A       100%        9


Dungeon Overview and Level Annotations

Branches:
Dungeon (15/15)            Temple (1/1) D:4            Lair (6/6) D:11
  Swamp (4/4) Lair:3        Snake (3/4) Lair:3        Slime (0/5) Lair:6
    Orc (2/2) D:12            Elf (0/3) Orc:2        Vaults (0/5) D:13
 Depths (0/4) D:15          Sewer (visited)          Bailey (visited)
  IceCv (visited)         Gauntlet (visited)

Altars:
Ashenzari
Cheibriados
Dithmenos
Elyvilon
Fedhas
Gozag
Hepliaklqana
Kikubaaqudgha
Makhleb
Nemelex Xobeh
Okawaru
Qazlal
Ru
Sif Muna
Trog
Uskayaw
Vehumet
Wu Jian
Xom
Yredelemnul
Zin
The Shining One
Beogh
Lugonu

Shops:
Orc:1 *:   Orc:2 [:(==!

Portals:
Abyss: Lair:6

Annotations:
Snake:3 3 runed translucent doors, Liado's ghost, adept DrBr
Orc:1 2 transporters, StikS32's ghost, journeyman TrFi


Innate Abilities, Weirdness & Mutations

You are immune to sickness and miasma.
Your stone body is resilient. (AC +14)
You are immune to poison.
Your large and strong wings let you fly.
You resist negative energy. (rN+)
You are resistant to electric shocks. (rElec)
You are resistant to unholy torment.
You are immune to petrification.
You have supernaturally acute eyesight. (SInv)
Potions are less effective at restoring your health.


Message History

The swamp dragon breathes poison at you. x2
The blast of poison engulfs you but does no damage.
You resist.
Training target 10.0 for Evocations reached!
Your Evocations skill increases to level 10!
Unknown command.
Unknown command.
Casting: Shatter (quite dangerous; 13% risk of failure)
Confirm with . or Enter, or press ? or * to list all spells.
The spell is quite dangerous to cast (13% risk of failure)!
Continue anyway?
You miscast Shatter.
You feel a surge of energy from the ground.
The six-headed hydra bites you but does no damage. x2
The six-headed hydra closely misses you.
The six-headed hydra bites you but does no damage.
The six-headed hydra closely misses you.
The six-headed hydra bites you!
* * * LOW HITPOINT WARNING * * *
Unknown command.
Unknown command.
Unknown command.
Casting: Shatter (quite dangerous; 13% risk of failure)
Confirm with . or Enter, or press ? or * to list all spells.
The spell is quite dangerous to cast (13% risk of failure)!
Continue anyway?
You miscast Shatter.
You are contaminated with residual magic.
You feel a surge of energy from the ground.
The swamp dragon breathes poison at you.
The blast of poison engulfs you but does no damage.
You resist. The swamp drake breathes poison at you.
The noxious blast engulfs you but does no damage.
You resist.
A swamp dragon comes into view.
The six-headed hydra barely misses you. x2
The six-headed hydra completely misses you.
The six-headed hydra bites you!
* * * LOW HITPOINT WARNING * * *
The six-headed hydra bites you!
You die...

.≈≈.≈≈≈.#≈.≈♣♣≈≈≈≈.....≈
D....†.≈..≈≈♣♣≈≈≈≈≈≈..
§##D☼≈≈.≈≈≈#≈≈≈≈≈§≈≈≈≈≈.
.≈≈..D≈.≈≈≈.≈≈≈≈§≈≈≈≈≈≈.
#.≈≈≈○≈†≈≈#.≈≈≈≈≈≈≈≈≈≈..
#.☼☼☼....≈≈≈≈≈.≈†.≈≈≈
#≈≈.°○☼☼≈≈.≈≈♣≈≈≈§§≈...≈
.## ##○DD○#≈≈≈≈♣≈≈≈≈≈♣.≈
#.☼@☼...≈♣♣≈≈..≈≈≈.≈
#☼☼☼§.≈≈≈≈≈§§≈.♣≈.≈≈
≈.≈...☼#.≈♣♣.≈≈..≈♣.≈≈
≈≈≈♣$..k.≈≈≈≈≈.≈≈..≈≈≈≈.
≈# ♣≈....≈≈≈♣≈.#....≈≈≈.
♣≈≈♣≈.♣≈≈≈ . ≈≈♣♣.......
≈.≈ .......# ..≈...


You could see a six-headed hydra, a four-headed hydra, 3 swamp dragons and a
swamp drake.

Vanquished Creatures
  the Lernaean hydra (Swamp:4)
  Gastronok (D:8)
  A thorn hunter (Swamp:4)
  Agnes (D:15)
  Kirke (D:15)
  An orc warlord (Orc:2)
  A reaper (IceCv)
  A minotaur (Gauntlet)
  5 bunyips
  4 eleionomae
  Snorg (Lair:5)
  A shambling mangrove (Swamp:4)
  11 naga warriors
  13 hydras
  A ghost crab (Swamp:2)
  3 ogre magi (Orc:2)
  A rakshasa (D:15)
  A salamander tyrant (Snake:2)
  16 anacondas
  3 boulder beetles
  7 alligators
  2 death knights (D:13)
  9 two-headed ogres
  2 centaur warriors (D:14)
  A vampire mage (D:15)
  2 naga sharpshooters
  7 shock serpents
  2 tengu warriors (D:15)
  4 thrashing horrors (Lair:6)
  10 death yaks
  Nergalle (Orc:2)
  A storm dragon zombie (D:15)
  4 salamander mystics
  5 goliath frogs
  A death drake (Gauntlet)
  2 swamp dragons
  9 skeletal warriors
  7 sea snakes (Snake:2)
  6 naga ritualists
  7 bog bodies
  2 phantasmal warriors (D:13)
  4 lindwurms (Lair:6)
  A spectral wolf spider (Gauntlet)
  2 large abominations (Lair:6)
  6 deep elf zephyrmancers
  3 oklob plants (Lair:6)
  An orc knight (Bailey)
  2 necromancers
  15 mana vipers
  9 orc sorcerers
  2 ugly things
  A wolf spider (D:15)
  A shadow dragon skeleton (D:15)
  A tengu skeleton (D:15)
  4 will-o-the-wisps
  8 deep elf pyromancers
  4 cyclopes
  2 spectral centaurs (Gauntlet)
  7 salamanders
  4 manticores
  20 elephants
  A stone giant skeleton (D:15)
  8 guardian serpents
  39 black mambas
  12 naga magi
  2 ice statues (IceCv)
  13 cane toads
  A smoke demon (Lair:6)
  2 unseen horrors
  A gargoyle (D:7)
  2 kobold demonologists (D:12)
  An efreet (D:15)
  A rime drake (Lair:3)
  10 komodo dragons
  3 tengu conjurers (D:15)
  A yaktaur (D:15)
  A freezing wraith (D:13)
  4 ice devils (IceCv)
  4 entropy weaver simulacra (IceCv)
  3 ancient zymes (Lair:6)
  2 polar bears
  6 trolls
  4 bloated husks
  3 meliai (D:14)
  9 tyrant leeches
  11 hornets
  Grinder (D:5)
  A raiju (Gauntlet)
  A raiju (shapeshifter) (Lair:6)
  Prince Ribbit (D:6)
  10 blink frogs (Lair:6)
  6 slime creatures
  2 meliai zombies
  8 flying skulls (Gauntlet)
  3 wraiths
  10 spriggans
  3 shadows
  3 dire elephant simulacra
  3 ynoxinuls (Lair:6)
  4 wyverns
  Sigmund (D:5)
  5 redbacks (D:12)
  50 yaks
  Grum (D:8)
  2 vampires (D:10)
  3 vampire mosquitoes (D:14)
  A basilisk (shapeshifter) (D:15)
  7 basilisks
  2 steam dragons
  3 death yak simulacra (Lair:4)
  2 chaos spawn (Lair:6)
  3 hogs (D:15)
  8 swamp worms
  2 wargs (Orc:2)
  33 nagas
  4 harpy simulacra (IceCv)
  A hydra simulacrum (Lair:4)
  14 water moccasins
  5 swamp drakes
  31 orc warriors
  3 black bears (Lair:3)
  12 wolves
  A black mamba simulacrum (Lair:4)
  5 centaurs
  14 ogres
  2 phantoms (D:6)
  5 kobold brigands
  15 bullfrogs
  3 scorpions
  4 gnoll sergeants
  3 cane toad simulacra
  A two-headed ogre simulacrum (IceCv)
  An elephant simulacrum (IceCv)
  8 wights
  5 howler monkeys
  2 centaur zombies
  A bullfrog zombie (D:3)
  2 hounds
  A jelly (D:8)
  13 orc priests
  A gnoll shaman (D:6)
  A water moccasin simulacrum (Lair:4)
  4 centaur skeletons
  3 iguanas
  31 orc wizards
  A polar bear simulacrum (IceCv)
  20 hell rats
  8 small abominations (Lair:6)
  A killer bee zombie (D:8)
  2 wolf simulacra
  A hound skeleton (D:5)
  Robin (D:3)
  16 gnolls
  A howler monkey zombie (D:9)
  12 adders
  A howler monkey skeleton (D:7)
  3 river rats (Sewer)
  2 shadow imps
  2 ufetubi (IceCv)
  An adder skeleton (D:4)
  2 worms (D:2)
  6 dart slugs
  92 orcs
  4 bats
  7 endoplasms
  3 giant cockroaches (D:5)
  15 goblins
  6 hobgoblins
  3 jackals (D:1)
  7 quokkas
  24 ball pythons
  4 frilled lizards
  19 kobolds
  29 rats
  2 butterflies (Lair:3)
1070 creatures vanquished.

Vanquished Creatures (collateral kills)
  An orc warrior (Bailey)
  An orc (Bailey)
2 creatures vanquished.

Vanquished Creatures (others)
  An eleionoma (Swamp:2)
  An orc warrior (Bailey)
  An orc wizard (Orc:2)
  An orc (Bailey)
  18 foxfires
  29 fungi
  52 plants
  9 withered plants
112 creatures vanquished.

Grand Total: 1184 creatures vanquished

Notes
Turn   | Place    | Note
-------+----------+-------------------------------------------
     0 | D:1      | vbjsbvbs the Gargoyle Earth Elementalist began the quest
                  | for the Orb.
     0 | D:1      | Reached XP level 1. HP: 10/10 MP: 3/3
   435 | D:1      | Reached skill level 4 in Earth Magic
   435 | D:1      | Reached XP level 2. HP: 9/15 MP: 0/5
   849 | D:1      | Reached XP level 3. HP: 19/19 MP: 3/6
   853 | D:1      | Learned a level 3 spell: Stone Arrow
  1943 | D:2      | Reached skill level 1 in Conjurations
  2174 | D:2      | Reached XP level 4. HP: 24/24 MP: 8/8
  3152 | D:3      | Reached skill level 5 in Earth Magic
  3152 | D:3      | Reached XP level 5. HP: 14/28 MP: 4/9
  3407 | D:3      | Noticed Robin
  3422 | D:3      | Killed Robin
  3547 | D:3      | Found a faded altar of an unknown god.
  4084 | D:4      | Reached XP level 6. HP: 17/32 MP: 8/11
  4244 | D:4      | Found a staircase to the Ecumenical Temple.
  4254 | Temple   | Entered the Ecumenical Temple
  4363 | Temple   | Became a worshipper of Vehumet
  5363 | D:5      | Entered Level 5 of the Dungeon
  5425 | D:5      | Reached skill level 6 in Earth Magic
  5459 | D:5      | Found a glowing drain.
  5505 | Sewer    | Entered a sewer
  5634 | Sewer    | Reached * piety under Vehumet
  5634 | Sewer    | Offered knowledge of Freeze by Vehumet.
  5783 | Sewer    | Reached XP level 7. HP: 34/36 MP: 13/13
  5815 | Sewer    | Gained mutation: Your spells are a little easier to cast,
                  | but a little less powerful. [potion of mutation]
  5815 | Sewer    | Gained mutation: Your magical capacity is low. (-10% MP)
                  | [potion of mutation]
  5815 | Sewer    | Gained mutation: You are agile. (Dex +2) [potion of
                  | mutation]
  6021 | Sewer    | Identified a scroll of acquirement
  6021 | Sewer    | Acquired 508 gold pieces
  6066 | Sewer    | Reached ** piety under Vehumet
  6066 | Sewer    | Offered knowledge of Poisonous Vapours by Vehumet.
  6363 | Sewer    | Lost mutation: You are agile. (Dex +2) [potion of mutation]
  6363 | Sewer    | Lost mutation: Your magical capacity is low. (-10% MP)
                  | [potion of mutation]
  6363 | Sewer    | Lost mutation: Your spells are a little easier to cast, but
                  | a little less powerful. [potion of mutation]
  6363 | Sewer    | Gained mutation: You are dopey. (Int -2) [potion of
                  | mutation]
  6363 | Sewer    | Gained mutation: You are occasionally teleported next to
                  | monsters. [potion of mutation]
  6363 | Sewer    | Gained mutation: You have a pair of small horns on your
                  | head. [potion of mutation]
  6364 | Sewer    | Lost mutation: You are dopey. (Int -2) [potion of mutation]
  6364 | Sewer    | Lost mutation: You are occasionally teleported next to
                  | monsters. [potion of mutation]
  6364 | Sewer    | Gained mutation: You are partially covered in iridescent
                  | scales. (AC +2) [potion of mutation]
  6422 | D:5      | Noticed Sigmund
  6426 | D:5      | Killed Sigmund
  6427 | D:5      | Reached skill level 5 in Spellcasting
  6427 | D:5      | Reached skill level 7 in Earth Magic
  6535 | D:5      | Noticed Grinder
  6539 | D:5      | Killed Grinder
  6540 | D:5      | Reached skill level 5 in Conjurations
  6540 | D:5      | Reached XP level 8. HP: 32/41 MP: 2/15
  7247 | D:6      | Noticed Prince Ribbit
  7251 | D:6      | Killed Prince Ribbit
  7252 | D:6      | Reached skill level 1 in Fighting
  7252 | D:6      | Reached skill level 1 in Armour
  7254 | D:6      | Reached skill level 1 in Maces & Flails
  7559 | D:6      | Reached skill level 8 in Earth Magic
  7611 | D:6      | Found a broken altar of Ashenzari.
  7711 | D:6      | Reached XP level 9. HP: 42/48 MP: 17/17
  7805 | D:6      | Offered knowledge of Frozen Ramparts by Vehumet.
  8104 | D:6      | Reached *** piety under Vehumet
  8670 | D:7      | Noticed a gargoyle
  8678 | D:7      | Killed a gargoyle
  8942 | D:7      | Offered knowledge of Hailstorm by Vehumet.
 10067 | D:8      | Noticed a two-headed ogre
 10073 | D:8      | Killed a two-headed ogre
 10074 | D:8      | Reached XP level 10. HP: 56/56 MP: 15/19
 10120 | D:8      | Reached skill level 9 in Earth Magic
 10138 | D:8      | Found a flagged portal.
 10165 | Bailey   | Entered a bailey
 10748 | Bailey   | Reached **** piety under Vehumet
 11181 | Bailey   | Noticed an orc knight
 11415 | Bailey   | Killed an orc knight
 11415 | Bailey   | Offered knowledge of Fireball by Vehumet.
 11639 | Bailey   | Reached skill level 5 in Fighting
 12406 | D:8      | Reached skill level 5 in Armour
 12495 | D:8      | Noticed Gastronok
 12521 | D:8      | Killed Gastronok
 12522 | D:8      | Reached XP level 11. HP: 42/64 MP: 9/21
 12683 | D:8      | Found a burning altar of Makhleb.
 13028 | D:8      | Noticed Grum
 13033 | D:8      | Reached skill level 5 in Maces & Flails
 13034 | D:8      | Killed Grum
 13253 | D:9      | Noticed a cyclops
 13256 | D:9      | Killed a cyclops
 13257 | D:9      | Reached skill level 10 in Earth Magic
 13332 | D:9      | Reached ***** piety under Vehumet
 13332 | D:9      | Offered knowledge of Lee's Rapid Deconstruction by Vehumet.
 13333 | D:9      | Reached skill level 1 in Evocations
 13360 | D:9      | Learned a level 5 spell: Lee's Rapid Deconstruction
 14010 | D:10     | Entered Level 10 of the Dungeon
 15207 | D:10     | Lost mutation: You are partially covered in iridescent
                  | scales. (AC +2) [potion of mutation]
 15207 | D:10     | Lost mutation: You have a pair of small horns on your head.
                  | [potion of mutation]
 15207 | D:10     | Gained mutation: You are partially covered in iridescent
                  | scales. (AC +2) [potion of mutation]
 15400 | D:10     | Noticed a two-headed ogre
 15403 | D:10     | Killed a two-headed ogre
 15404 | D:10     | Reached skill level 5 in Dodging
 15491 | D:11     | Noticed a two-headed ogre
 15494 | D:11     | Killed a two-headed ogre
 15834 | D:11     | Noticed a manticore
 15846 | D:11     | Killed a manticore
 15910 | D:11     | Noticed a two-headed ogre
 15918 | D:11     | Killed a two-headed ogre
 16229 | D:11     | Noticed a two-headed ogre
 16233 | D:11     | Killed a two-headed ogre
 16234 | D:11     | Reached XP level 12. HP: 75/75 MP: 24/24
 16606 | D:11     | Found a staircase to the Lair.
 17127 | D:12     | Reached skill level 11 in Earth Magic
 17201 | D:12     | Found a staircase to the Orcish Mines.
 17304 | D:12     | Noticed a boulder beetle
 17311 | D:12     | Killed a boulder beetle
 17576 | D:12     | Noticed a two-headed ogre
 17579 | D:12     | Killed a two-headed ogre
 17989 | D:13     | Noticed a two-headed ogre
 17994 | D:13     | Killed a two-headed ogre
 18001 | D:13     | Noticed a death knight
 18019 | D:13     | Killed a death knight
 18020 | D:13     | Reached skill level 10 in Fighting
 18030 | D:13     | Reached XP level 13. HP: 82/82 MP: 10/25
 18259 | D:13     | Reached skill level 10 in Conjurations
 18497 | D:13     | Reached skill level 5 in Evocations
 18543 | D:13     | Reached skill level 12 in Earth Magic
 18554 | D:13     | Offered knowledge of Iron Shot by Vehumet.
 18614 | D:12     | Learned a level 6 spell: Iron Shot
 18855 | D:13     | Found a gate to the Vaults.
 19939 | D:14     | You fall into a shaft and drop 1 floor!
 19939 | D:15     | Entered Level 15 of the Dungeon
 19941 | D:15     | Noticed a rakshasa
 20004 | D:14     | Found a stormy altar of Qazlal.
 20282 | Lair:1   | Entered Level 1 of the Lair of Beasts
 20394 | Lair:1   | Identified the +2 dagger of Ruwnuwu {freeze, Str+2 Int+3}
 21157 | Lair:2   | Gained mutation: Your large and strong wings let you fly.
                  | [Gargoyle growth]
 21157 | Lair:2   | Reached XP level 14. HP: 84/91 MP: 27/27
 21682 | Lair:2   | Offered knowledge of Irradiate by Vehumet.
 21689 | Lair:2   | Learned a level 5 spell: Irradiate
 22455 | Lair:3   | Found a staircase to the Snake Pit.
 22816 | Lair:3   | Found a staircase to the Swamp.
 23079 | Lair:4   | Reached skill level 10 in Spellcasting
 23079 | Lair:4   | Reached skill level 13 in Earth Magic
 23086 | Lair:4   | Found a frozen archway.
 23108 | IceCv    | Entered an ice cave
 23113 | IceCv    | Offered knowledge of Freezing Cloud by Vehumet.
 24401 | IceCv    | Noticed a reaper
 24404 | IceCv    | Killed a reaper
 24572 | Lair:4   | Acquired the +0 pair of boots "Curuch" {Regen+}
 24585 | Lair:4   | Acquired 916 gold pieces
 24749 | Lair:4   | Found a transporter.
 24867 | Lair:4   | Found a transporter.
 25351 | Lair:5   | Noticed Snorg
 25372 | Lair:5   | Found a gate leading to a gauntlet.
 25379 | Gauntlet | Entered a Gauntlet
 25379 | Gauntlet | Found a transporter.
 25379 | Gauntlet | Found a transporter.
 25385 | Gauntlet | Found a transporter.
 25398 | Gauntlet | Found a transporter.
 25398 | Gauntlet | Found the +8 Wrath of Trog {antimagic, *Rage Rampage}
 25416 | Gauntlet | Found a transporter.
 25416 | Gauntlet | Found a transporter.
 25416 | Gauntlet | Found a transporter.
 25419 | Gauntlet | Found a transporter.
 25419 | Gauntlet | Found a transporter.
 25431 | Gauntlet | Found a transporter.
 25449 | Gauntlet | Found a transporter.
 25458 | Gauntlet | Found a runed translucent door.
 25459 | Gauntlet | Found a transporter.
 25460 | Gauntlet | Found a runed translucent door.
 25474 | Gauntlet | Found a transporter.
 25494 | Gauntlet | Found a transporter.
 25623 | Gauntlet | Identified the +7 chain mail of Vetaaly {Will+ Regen+ Str+5
                  | Dex+4}
 25624 | Gauntlet | Identified the ring "Opiqeace" {rElec rC++ Int+6}
 25634 | Gauntlet | Reached XP level 15. HP: 99/99 MP: 29/29
 25789 | Gauntlet | Reached XP level 16. HP: 105/105 MP: 30/30
 26238 | Gauntlet | Identified the +1 leather armour of the Wasteland {rElec
                  | Int+4 Dex-5 SInv}
 26239 | Gauntlet | Identified the +1 helmet of the Valley of Death {rF+ Int+4}
 26268 | Gauntlet | Identified the ring "Datufit" {rPois rC- rN+ EV+4}
 26278 | Gauntlet | Identified the +10 long sword of Wukhuafozang {vamp, rPois
                  | rF++ Int-4}
 26324 | Lair:5   | Killed Snorg
 26342 | Lair:5   | Gained mutation: Your body sometimes deteriorates upon
                  | taking damage. [mutagenic glow]
 26373 | Lair:5   | Lost mutation: Your body sometimes deteriorates upon taking
                  | damage. [potion of mutation]
 26373 | Lair:5   | Gained mutation: You sometimes lose the ability to read
                  | scrolls when taking damage. [potion of mutation]
 26373 | Lair:5   | Gained mutation: You have supernaturally acute eyesight.
                  | (SInv) [potion of mutation]
 26555 | Lair:5   | Offered knowledge of Eringya's Noxious Bog by Vehumet.
 27160 | Lair:6   | Entered Level 6 of the Lair of Beasts
 27160 | Lair:6   | Found a sparkling altar of Nemelex Xobeh.
 27193 | Lair:6   | Lost mutation: You sometimes lose the ability to read
                  | scrolls when taking damage. [potion of mutation]
 27193 | Lair:6   | Lost mutation: You are partially covered in iridescent
                  | scales. (AC +2) [potion of mutation]
 27193 | Lair:6   | Gained mutation: You have sharp fingernails. [potion of
                  | mutation]
 27193 | Lair:6   | Gained mutation: You sometimes lose the ability to read
                  | scrolls when taking damage. [potion of mutation]
 27193 | Lair:6   | Gained mutation: Your magical capacity is low. (-10% MP)
                  | [potion of mutation]
 27219 | Lair:6   | Reached skill level 10 in Maces & Flails
 27219 | Lair:6   | Reached skill level 14 in Earth Magic
 27300 | Lair:6   | Identified the ring of Ekaeracw {Wiz Int+3}
 27349 | Lair:6   | Got Sumus's Tome of Frigorific Envenoming
 27351 | Lair:6   | Got the Volume of Doom
 27607 | Lair:6   | Found a staircase to the Slime Pits.
 28494 | Lair:6   | Offered knowledge of Conjure Ball Lightning by Vehumet.
 28499 | Lair:6   | Reached skill level 15 in Fighting
 28931 | Lair:6   | Found a corrupted altar of Lugonu.
 28931 | Lair:6   | Found a one-way gate to the infinite horrors of the Abyss.
 28947 | Lair:6   | Acquired the +3 pair of gloves "Poats" {Stlth+}
 29356 | Orc:1    | Entered Level 1 of the Orcish Mines
 29365 | Orc:1    | Learned a level 6 spell: Starburst
 29374 | Orc:1    | Found Godef's Book Shoppe.
 29622 | Orc:1    | Found Tiojoc's CLEARANCE SALE!.
 29628 | Orc:1    | Bought a scroll of acquirement for 260 gold pieces
 29628 | Orc:1    | Bought 2 potions of curing for 30 gold pieces
 29628 | Orc:1    | Bought a scroll of teleportation for 15 gold pieces
 29628 | Orc:1    | Bought a potion of curing for 15 gold pieces
 29630 | Orc:1    | Acquired 981 gold pieces
 29679 | Orc:1    | Found a bloodstained altar of Trog.
 29766 | Orc:1    | Found a transporter.
 29788 | Orc:1    | Noticed StikS32's ghost (journeyman TrFi)
 29789 | Orc:1    | Identified the +0 great mace "Lufitar" {freeze, rCorr Str+2
                  | Int-3}
 29789 | Orc:1    | Identified the +8 giant spiked club of the Unspeakable One
                  | {pain, rF+ rCorr Dex-3 Stlth+}
 29956 | Orc:1    | Found a transporter.
 30047 | Orc:2    | Entered Level 2 of the Orcish Mines
 30062 | Orc:2    | Found Uzapnuy's Armour Shop.
 30131 | Orc:2    | Offered knowledge of Lehudib's Crystal Spear by Vehumet.
 30255 | Orc:2    | Found a staircase to the Elven Halls.
 30265 | Orc:2    | Found Renolaewn's Jewellery Shoppe.
 30294 | Orc:2    | Reached skill level 1 in Fire Magic
 30294 | Orc:2    | Reached XP level 17. HP: 113/113 MP: 29/29
 30564 | Orc:2    | Found Omyr's Antique Weapon Shop.
 30612 | Orc:2    | Found Arom Luz's Book Boutique.
 30668 | Orc:2    | Found a radiant altar of Vehumet.
 30679 | Orc:2    | Paralysed by an ogre mage for 4 turns
 30714 | Orc:2    | Noticed Nergalle
 30724 | Orc:2    | Found an ancient bone altar of Kikubaaqudgha.
 30727 | Orc:2    | Paralysed by an orc sorcerer for 7 turns
 30734 | Orc:2    | Killed Nergalle
 30822 | Orc:2    | Found Qanih's Jewellery Boutique.
 30830 | Orc:2    | Paralysed by an ogre mage for 3 turns
 30857 | Orc:2    | Found Fubboc's Distillery.
 30868 | Orc:2    | Bought a potion of curing for 39 gold pieces
 30868 | Orc:2    | Bought a potion of brilliance for 52 gold pieces
 30868 | Orc:2    | Bought a potion of resistance for 130 gold pieces
 30868 | Orc:2    | Bought a potion of haste for 130 gold pieces
 30868 | Orc:2    | Bought a potion of invisibility for 104 gold pieces
 30868 | Orc:2    | Bought a potion of resistance for 130 gold pieces
 30868 | Orc:2    | Bought a potion of heal wounds for 65 gold pieces
 30868 | Orc:2    | Bought a potion of cancellation for 104 gold pieces
 30868 | Orc:2    | Bought 2 potions of magic for 208 gold pieces
 31281 | D:15     | Noticed Agnes
 31282 | D:15     | Noticed Kirke
 31283 | D:15     | Found a staircase to the Depths.
 31298 | D:15     | Killed Agnes
 31322 | D:15     | Killed Kirke
 31959 | D:15     | Found a sacrificial altar of Ru.
 32143 | Snake:1  | Entered Level 1 of the Snake Pit
 32168 | Snake:1  | Reached skill level 15 in Earth Magic
 32185 | Snake:1  | Gained mutation: Potions are less effective at restoring
                  | your health. [mutagenic glow]
 32398 | Snake:1  | Identified the +0 leather armour of the Dice {rN+ Int-4
                  | Dex+5}
 32454 | Snake:1  | Learned a level 8 spell: Lehudib's Crystal Spear
 32780 | Snake:1  | Reached ****** piety under Vehumet
 33235 | Snake:2  | Reached XP level 18. HP: 121/121 MP: 26/30
 33454 | Snake:2  | Offered knowledge of Fire Storm by Vehumet.
 33454 | Snake:2  | Offered knowledge of Shatter by Vehumet.
 33454 | Snake:2  | Offered knowledge of Maxwell's Capacitive Coupling by
                  | Vehumet.
 33612 | Snake:2  | Reached skill level 10 in Dodging
 33921 | Snake:2  | Reached skill level 16 in Earth Magic
 33975 | Snake:2  | Lost mutation: Your magical capacity is low. (-10% MP)
                  | [potion of mutation]
 33975 | Snake:2  | Lost mutation: You have sharp fingernails. [potion of
                  | mutation]
 33975 | Snake:2  | Lost mutation: You sometimes lose the ability to read
                  | scrolls when taking damage. [potion of mutation]
 33975 | Snake:2  | Gained mutation: You expend magic power (3 MP) to
                  | strengthen your wands. [potion of mutation]
 33975 | Snake:2  | Lost mutation: You expend magic power (3 MP) to strengthen
                  | your wands. [potion of mutation]
 34125 | Snake:2  | Found a snail-covered altar of Cheibriados.
 35024 | Snake:3  | Found a runed translucent gate.
 35024 | Snake:3  | Noticed Liado's ghost (adept DrBr)
 35025 | Snake:3  | Found a runed translucent gate.
 35025 | Snake:3  | Found a runed translucent gate.
 35040 | Snake:3  | Found the +3 sling "Punk" {acid, rCorr}
 35052 | Snake:3  | HP: 6/122 [salamander (5)]
 35428 | Swamp:1  | Entered Level 1 of the Swamp
 35493 | Swamp:1  | Reached skill level 17 in Earth Magic
 35881 | Swamp:1  | Acquired 383 gold pieces
 36710 | Swamp:3  | Learned a level 9 spell: Shatter
 36887 | Swamp:3  | Reached XP level 19. HP: 118/127 MP: 19/36
 37073 | Swamp:3  | Reached skill level 5 in Fire Magic
 37439 | Swamp:4  | Entered Level 4 of the Swamp
 37607 | Swamp:4  | Noticed the 27-headed Lernaean hydra
 37617 | Swamp:4  | Killed the 27-headed Lernaean hydra
 37618 | Swamp:4  | Reached skill level 10 in Evocations
 37619 | Swamp:4  | Slain by a six-headed hydra

Illustrated notes

Levels and vault maps discovered:
D:1:      saegor_arrival_simple_e, layout_loops_cross
D:2:      layout_basic
D:3:      layout_rooms, shapermc_ecumenical_altar_pompeii,
          hangedman_feature_mirror, uniq_robin
D:4:      layout_loops_corners, minmay_temple_entry_junction
D:5:      layout_rooms, gup_sewer_entry_pipe, dk_noncrumbling_4, uniq_sigmund,
          uniq_grinder
D:6:      layout_cave_pools, ashenzari_conservatory_becter, uniq_prince_ribbit1
D:7:      layout_layer_cave, minmay_crossroads
D:8:      layout_basic, lemuel_tele_altar, lightli_bailey_entry_fortress,
          uniq_gastronok, uniq_grum
D:9:      layout_long_grid
D:10:     layout_loops_corners
D:11:     layout_irregular_city, grunt_lair_entry_orc_guard_hut
D:12:     layout_basic, kennysheep_orc_monster_closet_entryway, drop_trap
D:13:     layout_loops_ring, david_vaults_1
D:14:     layout_loops_cross, hangedman_decor_growths,
          nicolae_qazlal_style_of_elements
D:15:     gammafunk_depths_entry_grave, layout_rooms,
          nicolae_ru_the_path_less_chosen, uniq_kirke, uniq_agnes
Temple:   regret_index_temple_chain_breaker
Lair:1:   layout_misc_corridors, grunt_megastairs_3
Lair:2:   layout_regular_city, lemuel_fruit_tree
Lair:3:   layout_loops_ring, minmay_swamp_entry_worms,
          guppyfry_snake_entry_garden, lemuel_fruit_fields, lemuel_fruit_fields,
          lemuel_fruit_fields, lemuel_fruit_fields
Lair:4:   gammafunk_cloud_chamber, layout_misc_corridors,
          portal_ice_cave_entry_ice_simulacra, infiniplex_staircase_pool
Lair:5:   layout_regular_city, gauntlet_entry_generic, uniq_snorg
Lair:6:   hellmonk_lair_end_abyssal_woods, layout_layer_cave,
          minmay_slime_entry_oklob_open, basic_altar, minmay_lindwurm_lava,
          lemuel_fruit_fields, infiniplex_staircase_pool_2
Swamp:1:  layout_falls_marsh, hangedman_swamp_diagram, swamp_pool4
Swamp:2:  layout_basic_swamp, nicolae_swamp_stair_fork, swamp_pool5
Swamp:3:  layout_falls_marsh, evilmike_swamp_ruin_house_2
Swamp:4:  swamp_old_school, layout_basic_swamp
Snake:1:  nicolae_snake_unarmed_stairs_patrol, layout_rooms,
          nicolae_snake_gridmaze_tees
Snake:2:  minmay_snake_river, layout_onion_interference, basic_altar,
          st_stairs_12, grunt_megastairs_4
Snake:3:  layout_onion, gammafunk_ghost_split, st_stairs_9
Orc:1:    layout_caves, basic_altar, serial_shops, nicolae_square_shop,
          gammafunk_ghost_smash, nicolae_shop_clearance
Orc:2:    kennysheep_orc_mage_school, layout_caves, serial_shops,
          nicolae_shop_stone, minmay_shop_enchanted_jewellery,
          elves_outpost_lemuel

Skill      XL: |  1  2  3  4  5  6  7  8  9 10 11 12 13 14 15 16 17 18 19 |
---------------+----------------------------------------------------------+-----
Earth Magic    | 4 5 6 7 8 9 10 11 12 13 14 15 17 | 17.8
Conjurations   | 1 2 3 5 6 7 8 9 10 11 12 13 14 | 14.2
Spellcasting   | 3 4 5 6 7 8 9 10 11 13 | 13.8
Fighting       | 1 3 6 8 10 11 13 15 16 | 16.7
Armour         | 2 3 5 6 |  6.0
Maces & Flails | 1 3 4 6 7 8 9 10 11 | 11.9
Dodging        | 2 3 4 5 6 7 8 9 10 | 10.2
Evocations     | 2 4 5 7 8 9 10 | 10.0
Fire Magic     | 1 4 5 |  5.5
Stealth        | |  2.1
Transmutations | |  0.7

Action                   |  1- 3 |  4- 6 |  7- 9 | 10-12 | 13-15 | 16-18 | 19-21 || total
-------------------------+-------+-------+-------+-------+-------+-------+-------++-------
Melee: Unarmed           |    36 |       |       |       |       |       |       ||    36
       Dagger            |    59 |    57 |       |       |       |       |       ||   116
       Whip              |       |   181 |   178 |   276 |   618 |  1277 |    33 ||  2563
       Headbutt          |       |       |    13 |    30 |       |       |       ||    43
       Demon whip        |       |       |       |       |       |       |    68 ||    68
 Cast: Sandblast         |    17 |    17 |    13 |     1 |     9 |    23 |       ||    80
       Stone Arrow       |       |       |    55 |   209 |    39 |       |       ||   303
       Lee's Rapid Decon |       |       |       |    17 |    38 |    71 |       ||   126
       Iron Shot         |       |       |       |       |   113 |   242 |    26 ||   381
       Irradiate         |       |       |       |       |    17 |    37 |     3 ||    57
       Lehudib's Crystal |       |       |       |       |       |     1 |       ||     1
       Shatter           |       |       |       |       |       |       |     9 ||     9
Evoke: Wand              |       |       |     6 |    24 |     3 |     4 |       ||    37
       Tin of tremorston |       |       |       |       |       |     1 |       ||     1
  Use: Scroll            |       |     9 |    16 |    12 |    10 |    10 |       ||    57
       Potion            |       |       |     8 |     3 |     2 |     7 |     1 ||    21
 Stab: Sleeping          |     6 |     1 |     3 |     2 |     2 |     4 |       ||    18
       Distracted        |       |       |       |       |       |     1 |       ||     1
Armor: Robe              |    30 |   106 |    88 |       |       |       |       ||   224
       Leather armour    |       |       |    40 |   143 |    32 |       |       ||   215
       Troll leather arm |       |       |       |    54 |   406 |   890 |   156 ||  1506
Dodge: Dodged            |    77 |   136 |   197 |   286 |   447 |   968 |    81 ||  2192

Table legend: (Time is in decaauts)
 A = Elapsed time spent in this place.
 B = Non-inter-level travel time spent in this place.
 C = Inter-level travel time spent in this place.
 D = Time resting spent in this place.
 E = Time spent auto-exploring this place.
 F = Levels seen in this place.
 G = Mean time per level.
                   A        B        C        D        E       F      G
               +--------+--------+--------+--------+--------+-----+--------+
         Total |  36905 |  35302 |   1603 |   5799 |  22096 |  35 | 1054.4 |
       Dungeon |  18543 |  17719 |    824 |   1593 |  13377 |  15 | 1236.2 |
        Temple |    129 |    109 |     20 |      0 |     89 |   1 |  129.0 |
          Lair |   6484 |   6135 |    349 |    511 |   4011 |   6 | 1080.7 |
         Swamp |   2063 |   1997 |     66 |    167 |   1377 |   4 |  515.8 |
     Snake Pit |   2997 |   2869 |    128 |    533 |   1482 |   3 |  999.0 |
  Orcish Mines |   1746 |   1532 |    214 |     12 |    913 |   2 |  873.0 |
         Sewer |    943 |    943 |      0 |    237 |    449 |   1 |  943.0 |
        Bailey |   1662 |   1662 |      0 |   1169 |    194 |   1 | 1662.0 |
      Ice Cave |   1411 |   1411 |      0 |    998 |     74 |   1 | 1411.0 |
      Gauntlet |    924 |    924 |      0 |    577 |    129 |   1 |  924.0 |
               +--------+--------+--------+--------+--------+-----+--------+

Top non-repeatable levels by time:
  Lair:6: 1890 daAuts
 Snake:2: 1735 daAuts
     D:1: 1702 daAuts
  Bailey: 1662 daAuts
     D:8: 1529 daAuts
     D:7: 1508 daAuts
    D:12: 1496 daAuts
    D:10: 1473 daAuts
     D:4: 1464 daAuts
   IceCv: 1411 daAuts
    D:11: 1359 daAuts
     D:6: 1307 daAuts
    D:13: 1294 daAuts
     D:2: 1208 daAuts
  Lair:3: 1188 daAuts
